 Dungeon Crawl Stone Soup version 0.29-a0-1043-g569b05d6ff (webtiles) character file.

Game seed: 12336266652487541084

1745 SensoryNuts the Covered (level 9, -3/62 (69) HPs)
             Began as a Formicid Fighter on Aug 15, 2022.
             Was an Initiate of Gozag.
             Slain by a wight
             ... wielding a +0 battleaxe
              (11 damage)
             ... on level 6 of the Dungeon.
             The game lasted 00:09:36 (7326 turns).

SensoryNuts the Covered (Formicid Fighter)          Turns: 7326, Time: 00:09:37

HP:   -3/62 (69)    AC:  5    Str: 25    XL:     9   Next: 26%
MP:   9/9           EV: 12    Int:  8    God:    Gozag
Gold: 473           SH:  0    Dex: 13    Spells: 8/8 levels left

rFire   + . .      SeeInvis +   y - +0 giant spiked club (venom)
rCold   . . .      Faith    .   (shield currently unavailable)
rNeg    . . .      Spirit   .   r - +0 leather armour {rF+}
rPois   .          Reflect  .   (helmet unavailable)
rElec   .          Harm     .   (no cloak)
rCorr   .          Rampage  .   q - +0 pair of gloves
Will    .....                   (no boots)
Stlth   ++........              k - amulet of the acrobat
HPRegen 0.20/turn               v - ring of flight
MPRegen 0.11/turn               (no ring)

@: gold aura, flying, heavily drained
A: permanent stasis, dig shafts and tunnels, antennae 3, four strong arms
a: Dig, Shaft Self, Renounce Religion, Potion Petition, Call Merchant, Bribe
Branch


You were on level 6 of the Dungeon.
You worshipped Gozag.
Gozag was aware of your devotion.
You visited 2 branches of the dungeon, and saw 7 of its levels.

You collected 520 gold pieces.
You paid 47 gold pieces to Gozag.

Inventory:

Hand Weapons
 a - a +0 trident
 d - a +2 vampiric trident
 i - the +4 hand axe of the Valley of Death {venom, rPois}
   (You found it on level 2 of the Dungeon)

   It poisons the flesh of those it strikes.
   rPois:     It protects you from poison.
 l - a +2 spear of venom
 y - a +0 giant spiked club of venom (weapon)
Missiles
 u - 2 throwing nets
Armour
 b - a +0 scale mail
 c - a +0 buckler
 q - a +0 pair of gloves (worn)
 r - a +0 leather armour of fire resistance (worn)
Jewellery
 k - an amulet of the acrobat (around neck)
 m - a ring of magical power
 v - a ring of flight (left hand)
Wands
 o - a wand of flame (12)
 w - a wand of acid (3)
Scrolls
 e - 2 scrolls of blinking {unknown}
 f - 2 scrolls of amnesia
 h - 2 scrolls of teleportation
 s - 2 scrolls of immolation
 t - a scroll of enchant armour
 x - a scroll of identify
Potions
 g - 2 potions of attraction
 j - a potion of degeneration {unknown}
 n - a potion of haste
 p - a potion of resistance {unknown}
 z - a potion of curing


   Skills:
 + Level 5.7 Fighting
 + Level 2.1(4.9) Axes
 + Level 2.8(3.2) Maces & Flails
 + Level 6.2(6.4) Polearms
 + Level 6.5 Armour
 + Level 3.3 Dodging
 + Level 2.0 Stealth
 + Level 6.1 Shields


You had 8 spell levels left.
You didn't know any spells.
Your spell library contained the following spells:

 Spells                   Type           Power      Damage    Failure   Level
 Sandblast                Erth           0%         2d4       43%         1
 Passwall                 Tmut/Erth      0%         N/A       58%         2
 Confusing Touch          Hex            0%         N/A       82%         3
 Stone Arrow              Conj/Erth      0%         3d7       82%         3
 Yara's Violent Unravell  Hex/Tmut       0%         3d3       100%        5
 Enfeeble                 Hex            0%         N/A       100%        7


Dungeon Overview and Level Annotations

Branches:
Dungeon (6/15)             Temple (1/1) D:4

Altars:
Ashenzari
Cheibriados
Dithmenos
Fedhas
Gozag
Hepliaklqana
Makhleb
Okawaru
Qazlal
Ru
Trog
Uskayaw
Vehumet
Wu Jian
Yredelemnul
Zin


Innate Abilities, Weirdness & Mutations

You cannot be hasted, slowed, berserked, paralysed or teleported.
You can dig through walls and to a lower floor.
You have a pair of large antennae on your head. (SInv)
Your four strong arms can wield two-handed weapons with a shield.


Message History

The orc completely misses you.
You barely miss the orc. The orc barely misses you.
You impale the orc!!
You kill the orc!
The orc misses you.
You impale the orc!!
You kill the orc!
You puncture the orc!
You kill the orc!
You now have 473 gold pieces (gained 19).
Things that are here:
a +0 dagger; a +0 flail; a +0 war axe
Found a stone staircase leading down.
You reach down and open the door. 4 wights come into view.
The orc shouts!
You barely miss the wight. The wight barely misses you.
The wight hits you with a +0 battleaxe!
You feel drained. The wight barely misses you.
You bludgeon the wight!!
You destroy the wight!
The wight hits you from afar with a +0 trident.
You feel drained.
The wight hits you from afar with a +0 halberd!
You feel drained.
You closely miss the wight. The wight closely misses you.
The wight barely misses you. The wight misses you.
The wight hits you with a +0 battleaxe!
You feel drained. The wight barely misses you. The wight completely misses you.
You closely miss the wight.
The wight hits you from afar with a +0 trident.
* * * LOW HITPOINT WARNING * * *
You feel drained.
* * * LOW HITPOINT WARNING * * *
The orc hits you but does no damage. The wight hits you with a +0 battleaxe!
* * * LOW HITPOINT WARNING * * *
The wight barely misses you. The wight closely misses you.
The wight hits you with a +0 battleaxe!
You die...
Your body crumbles into a pile of gold.

.# .# #. #... .# #. #..#
.# # #.###..# +# .#
#.##......# ... ##
.........# .... #
#......# .....
###########...####......
.......).......o@zz.....
..#########...####z.....
#.# ##.## ..... ### #.#
.... .># ... #.## +# #.
#.


You could see 3 wights and an orc.

Vanquished Creatures
  Grinder (D:3)
  A steam dragon (D:6)
  A water moccasin (D:5)
  2 sky beasts (D:6)
  2 ogres
  A phantom (D:6)
  2 necrophages
  A scorpion (D:6)
  A wight (D:6)
  3 hounds
  2 jellies
  2 orc priests (D:3)
  Jessica (D:3)
  4 iguanas
  6 orc wizards
  Robin (D:3)
  5 adders
  2 white imps
  An ufetubus (D:5)
  4 dart slugs
  21 orcs
  4 bats
  10 endoplasms
  4 giant cockroaches
  14 goblins
  8 hobgoblins
  4 jackals (D:2)
  4 quokkas (D:3)
  5 ball pythons
  3 frilled lizards
  5 kobolds
  2 rats (D:2)
127 creatures vanquished.

Notes
Turn   | Place    | Note
-------+----------+-------------------------------------------
     0 | D:1      | SensoryNuts the Formicid Fighter began the quest for the
                  | Orb.
     0 | D:1      | Reached XP level 1. HP: 18/18 MP: 1/1
   236 | D:1      | You fall into a shaft and drop 1 floor!
   242 | D:2      | Reached XP level 2. HP: 24/24 MP: 2/2
   359 | D:2      | Identified the +4 hand axe of the Valley of Death {venom,
                  | rPois}
   591 | D:2      | Reached XP level 3. HP: 30/30 MP: 3/3
  1024 | D:3      | Noticed Grinder
  1035 | D:3      | Killed Grinder
  1036 | D:3      | Reached skill level 1 in Axes
  1036 | D:3      | Reached skill level 5 in Shields
  1036 | D:3      | Reached XP level 4. HP: 22/37 MP: 4/4
  1036 | D:3      | Reached XP level 5. HP: 25/42 MP: 5/5
  1036 | D:3      | Reached XP level 6. HP: 29/48 MP: 6/6
  1174 | D:3      | Noticed Jessica
  1177 | D:3      | Killed Jessica
  1645 | D:3      | Found an ornate altar of the Wu Jian Council.
  1721 | D:3      | Found a burning altar of Makhleb.
  1742 | D:3      | Reached skill level 1 in Stealth
  1749 | D:3      | Found a sacrificial altar of Ru.
  1795 | D:3      | Found a bloodstained altar of Trog.
  2284 | D:3      | Found a faded altar of an unknown god.
  2381 | D:4      | Reached skill level 1 in Dodging
  2396 | D:4      | Reached skill level 5 in Armour
  2404 | D:4      | Reached XP level 7. HP: 51/55 MP: 7/7
  2498 | D:4      | Noticed Robin
  2658 | D:3      | Killed Robin
  3029 | D:4      | Found a staircase to the Ecumenical Temple.
  3191 | Temple   | Entered the Ecumenical Temple
  3281 | Temple   | Became a worshipper of Gozag Ym Sagoz the Greedy
  3525 | D:5      | Entered Level 5 of the Dungeon
  3542 | D:5      | Found an iron altar of Okawaru.
  3777 | D:5      | Found a snail-covered altar of Cheibriados.
  3859 | D:5      | Reached XP level 8. HP: 61/61 MP: 8/8
  4176 | D:5      | HP: 2/61 [ogre/+0 giant spiked club (29)]
  5147 | D:6      | Reached skill level 5 in Polearms
  5321 | D:6      | Reached skill level 5 in Fighting
  6273 | D:5      | HP: 1/62 [water moccasin (3)]
  6282 | D:5      | Reached skill level 1 in Maces & Flails
  6282 | D:5      | Reached XP level 9. HP: 7/68 MP: 9/9
  7326 | D:6      | Slain by a wight

Illustrated notes

Levels and vault maps discovered:
D:1:      dpeg_arrival_circle_labyrinth_b, layout_loops_ring,
          grunt_decor_junction
D:2:      layout_basic, kennysheep_small_spiral, minmay_tripent
D:3:      layout_loops_ring, old_standard_altar, bloody_trog,
          mainiacjoe_overflow_surrounded_room,
          mainiacjoe_overflow_concentric_impassable,
          hellmonk_ecumenical_altar_prayer_group, chequers_mini_garden,
          uniq_grinder, uniq_jessica
D:4:      layout_cave_pools, minmay_temple_entry_drinking_statues,
          kennysheep_generic_room_14, uniq_robin
D:5:      layout_loops_corners, okawaru_trees_1,
          mainiacjoe_overflow_cross_hatched
D:6:      layout_loops_corners, gammafunk_temple_overflow_elements,
          minmay_a_box_with_orc_wizards_in_it, uniq_crazy_yiuf_cottage
Temple:   zaba_magenta_temple

Skill      XL: |  1  2  3  4  5  6  7  8  9 |
---------------+----------------------------+-----
Fighting       | 4 5 |  5.7
Axes           | 1 2 |  2.1
Polearms       | 3 4 6 |  6.2
Armour         | 4 5 6 |  6.5
Shields        | 5 6 |  6.1
Stealth        | 1 2 |  2.0
Dodging        | 1 2 3 |  3.3
Maces & Flails | 1 2 |  2.8

Action                   |  1- 3 |  4- 6 |  7- 9 || total
-------------------------+-------+-------+-------++-------
Melee: Trident           |    30 |    77 |   234 ||   341
       Hand axe          |    30 |    18 |       ||    48
       Giant spiked club |       |       |    73 ||    73
  Use: Potion            |       |     1 |     6 ||     7
       Scroll            |       |       |     6 ||     6
Armor: Scale mail        |    19 |    25 |    62 ||   106
       Leather armour    |       |       |    66 ||    66
Dodge: Dodged            |    28 |    35 |   234 ||   297
Block: Buckler           |    17 |    22 |    73 ||   112

Table legend: (Time is in decaauts)
 A = Elapsed time spent in this place.
 B = Non-inter-level travel time spent in this place.
 C = Inter-level travel time spent in this place.
 D = Time resting spent in this place.
 E = Time spent auto-exploring this place.
 F = Levels seen in this place.
 G = Mean time per level.
                   A        B        C        D        E       F      G
               +--------+--------+--------+--------+--------+-----+--------+
         Total |   7442 |   7259 |    183 |     47 |   5933 |   7 | 1063.1 |
       Dungeon |   7338 |   7167 |    171 |     47 |   5883 |   6 | 1223.0 |
        Temple |    103 |     91 |     12 |      0 |     50 |   1 |  103.0 |
               +--------+--------+--------+--------+--------+-----+--------+

Top non-repeatable levels by time:
     D:5: 2108 daAuts
     D:3: 1723 daAuts
     D:6: 1491 daAuts
     D:4: 978 daAuts
     D:2: 798 daAuts
     D:1: 237 daAuts
  Temple: 103 daAuts
